 Dungeon Crawl Stone Soup version 0.30-a0-859-gf88a04b62d (webtiles) character file.

Game seed: 14770818349846752156

51 qeuew the Covered (level 3, -3/30 HPs)
             Began as a Barachi Fighter on Mar 6, 2023.
             Slain by a worm (9 damage)
             ... on level 2 of the Dungeon.
             The game lasted 00:02:13 (1274 turns).

qeuew the Covered (Barachi Fighter)                 Turns: 1274, Time: 00:02:13

Health: -3/30      AC:  7    Str: 19    XL:     3   Next: 81%
Magic:  3/3        EV:  9    Int:  8    God:
Gold:   47         SH:  4    Dex: 11    Spells: 2/2 levels left

rFire   . . .      SeeInvis .    a - +0 flail
rCold   . . .      Faith    .    c - +0 buckler
rNeg    . . .      Spirit   .    b - +0 scale mail
rPois   .          Reflect  .    (no helmet)
rElec   .          Rampage  .    (no cloak)
rCorr   +                        (no gloves)
Will    .....                    (no boots) Stlth
                                 (no amulet)
HPRegen 0.25/turn                j - ring of resist corrosion
MPRegen 0.08/turn                (no ring)

@: slow
A: amphibious, slowness 1, strong legs 1, +LOS
a: Hop


You were on level 2 of the Dungeon.
You visited 1 branch of the dungeon, and saw 2 of its levels.

You collected 47 gold pieces.

Inventory:

Hand Weapons
 a - a +0 flail (weapon)
Missiles
 e - 2 javelins
Armour
 b - a +0 scale mail (worn)
 c - a +0 buckler (worn)
Jewellery
 j - a ring of resist corrosion (left hand)
Scrolls
 f - a scroll of teleportation
 g - a scroll of identify
Potions
 d - a potion of might
 h - a potion of brilliance {unknown}
 i - a potion of resistance {unknown}


   Skills:
 + Level 4.0 Fighting
 * Level 2.8 Maces & Flails
 + Level 0.6 Throwing
 * Level 4.3 Armour
 + Level 1.0 Dodging
 + Level 3.4 Shields


You had 2 spell levels left.
You didn't know any spells.
Your spell library contained the following spells:

 Spells                   Type           Power      Damage    Failure   Level
 Necrotise                Necr           0%         1d4       86%         1
 Portal Projectile        Hex/Tloc       0%         N/A       99%         3
 Tukima's Dance           Hex            0%         N/A       99%         3
 Vampiric Draining        Necr           0%         2d6       99%         3
 Agony                    Necr           0%         N/A       100%        5
 Blade Hands              Tmut           0%         N/A       100%        5


Dungeon Overview and Level Annotations

Branches:
Dungeon (2/15)

Altars:


Innate Abilities, Weirdness & Mutations

You are amphibious.
You cover ground slowly.
You can hop short distances.
You have an extended range of vision and can be seen from far away.


Message History

There's nothing to open nearby.
There's nothing to open nearby.
No target in view!
Unknown command.
Found a stone staircase leading up.
A worm comes into view.
A worm comes into view. x2
Found a stone staircase leading down.
A worm comes into view.
The worm bites you!
You barely miss the worm. The worm bites you.
You hit the worm.
The worm is moderately wounded.
You thump the worm!
The worm is severely wounded.
The worm bites you. x2
* * * LOW HITPOINT WARNING * * *
You are too injured to fight recklessly!
You are too injured to fight recklessly!
You are too injured to fight recklessly!
You are too injured to fight recklessly!
You are too injured to fight recklessly!
You are too injured to fight recklessly!
You are too injured to fight recklessly!
You are too injured to fight recklessly!
You are too injured to fight recklessly!
You are too injured to fight recklessly!
You are too injured to fight recklessly!
You are too injured to fight recklessly!
You are too injured to fight recklessly!
You are too injured to fight recklessly!
You are too injured to fight recklessly!
You are too injured to fight recklessly!
You are too injured to fight recklessly!
You are too injured to fight recklessly!
Unknown command.
You hit the worm.
The worm is lightly wounded.
The worm bites you!
You die...

### #..### #.....#
#....... ###.^.....^
##############..w.....>.
............#...w..w....
#########.......@w....^..
....(...........#.^...^..
#..#.....##.##.###...^^.^
<.........#.##.# #....^#
#..#.####=#.##.######.###
#. # #.#.##..... #.#
#.#.####.##.[.#
#...........#
#####+###.########


You could see 4 worms.

Vanquished Creatures
  An adder (D:2)
  A worm (D:2)
  2 dart slugs
  3 endoplasms (D:1)
  3 giant cockroaches
  3 goblins (D:1)
  5 hobgoblins (D:1)
  A quokka (D:1)
  2 ball pythons (D:1)
  3 bats (D:1)
  A frilled lizard (D:1)
  6 kobolds
  2 rats (D:1)
33 creatures vanquished.

Vanquished Creatures (others)
  A bat (D:2)
1 creature vanquished.

Grand Total: 34 creatures vanquished

Notes
Turn   | Place    | Note
-------+----------+-------------------------------------------
     0 | D:1      | qeuew the Barachi Fighter began the quest for the Orb.
     0 | D:1      | Reached XP level 1. HP: 18/18 MP: 1/1
    86 | D:1      | Reached XP level 2. HP: 24/25 MP: 2/2
   428 | D:1      | Reached XP level 3. HP: 30/30 MP: 3/3
   577 | D:1      | Found a faded altar of an unknown god.
  1003 | D:2      | Reached skill level 1 in Dodging
  1274 | D:2      | Slain by a worm

Illustrated notes

Levels and vault maps discovered:
D:1:      matt_arrival_los_fun, layout_basic, ebering_ecumenical_altar_abandoned
D:2:      cheibrodos_old_hovel, layout_basic, nicolae_wormholes

Skill      XL: |  1  2  3 |
---------------+----------+-----
Armour         | 4 |  4.3
Dodging        | 1 |  1.0
Fighting       | 4 |  4.0
Maces & Flails | |  2.8
Throwing       | |  0.6
Shields        | |  3.4

Action                     || total
---------------------------++-------
  Melee: Flail             ||    92
    Use: Scroll            ||     3
 Armour: Scale mail        ||    42
  Dodge: Dodged            ||    38
  Block: Buckler           ||    23

Table legend: (Time is in decaauts)
 A = Elapsed time spent in this place.
 B = Non-inter-level travel time spent in this place.
 C = Inter-level travel time spent in this place.
 D = Time resting spent in this place.
 E = Time spent auto-exploring this place.
 F = Levels seen in this place.
 G = Mean time per level.
                   A        B        C        D        E       F      G
               +--------+--------+--------+--------+--------+-----+--------+
         Total |   1495 |   1449 |     46 |      0 |   1215 |   2 |  747.5 |
       Dungeon |   1495 |   1449 |     46 |      0 |   1215 |   2 |  747.5 |
               +--------+--------+--------+--------+--------+-----+--------+

Top non-repeatable levels by time:
     D:1: 1191 daAuts
     D:2: 303 daAuts
